Map: Jagannatha LE

Players

MarcoMan - Winner!

  • Race: Protoss Protoss
  • League: Master
  • Spawn Location: 1:00

Joeypow

  • Race: Protoss Protoss
  • League: Master
  • Spawn Location: 7:00

VOD

Have the link to the VOD?

Description

Time

  • Played on: Jan. 15, 2021, 12:35 a.m.
  • Length: 7:17
Show
View Real Time Build Order
Export as new Build Order

MarcoMan Protoss - Winner!

Build Orders:  

Get SALT Encoding   

  12  0:01  Probe  
  13  0:13  Probe  
  14  0:19  Pylon  
  14  0:25  Probe  
  15  0:37  Probe  
  15  0:40  Forge  
  16  0:57  Pylon  
  16  0:58  Pylon  
  16  1:05  Pylon  
  16  1:16  Photon Cannon  
  16  1:22  Gateway  
  16  1:35  Photon Cannon  
  16  1:46  Assimilator  
  16  1:50  Assimilator  
  16  1:56  Probe  
  17  2:08  Probe (Chrono Boost)  
  18  2:16  Cybernetics Core  
  18  2:20  Probe (Chrono Boost)  
  19  2:29  Probe (Chrono Boost)  
  20  2:34  Probe  
  21  2:46  Probe  
  22  2:52  Adept (Chrono Boost)  
  22  2:54  Stargate  
  24  2:58  Probe  
  24  3:01  Shield Battery  
  25  3:08  Pylon  
  25  3:15  Adept (Chrono Boost)  
  27  3:24  Shield Battery  
  27  3:36  Photon Cannon  
  27  3:41  Void Ray  
  31  4:18  Void Ray (Chrono Boost)  
  33  4:42  Pylon  
  31  4:46  Shield Battery  
  31  4:49  Void Ray (Chrono Boost)  
  35  5:02  Shield Battery  
  35  5:03  Pylon  
  35  5:21  Void Ray (Chrono Boost)  
  35  5:22  Photon Cannon  
  35  5:24  Stargate  
  39  5:57  Void Ray (Chrono Boost)  
  43  6:04  Void Ray (Chrono Boost)  
  47  6:18  Shield Battery  
  47  6:29  Photon Cannon  
  47  6:32  Pylon  
  47  6:58  Pylon  
Show
View Real Time Build Order
Export as new Build Order

Joeypow Protoss 

Build Orders: Proxy Void Ray 

Get SALT Encoding   

  12  0:00  Probe  
  13  0:12  Probe  
  14  0:17  Pylon  
  14  0:24  Probe (Chrono Boost)  
  15  0:36  Probe (Chrono Boost)  
  15  0:40  Gateway  
  16  0:44  Probe (Chrono Boost)  
  16  0:46  Assimilator  
  17  0:51  Probe  
  17  0:55  Assimilator  
  18  1:08  Forge  
  18  1:18  Pylon  
  18  1:26  Probe  
  19  1:33  Cybernetics Core  
  19  1:34  Zealot  
  21  1:43  Photon Cannon  
  20  1:56  Gateway  
  20  2:11  Shield Battery  
  22  2:19  Probe  
  21  2:31  Pylon  
  21  2:36  Probe  
  22  2:38  Pylon  
  22  2:47  Stargate  
  22  2:49  Probe  
  23  3:01  Probe  
  24  3:13  Shield Battery  
  24  3:16  Shield Battery  
  24  3:20  Stargate  
  24  3:27  Void Ray (Chrono Boost)  
  24  3:29  Shield Battery  
  28  3:54  Void Ray (Chrono Boost)  
  24  4:04  Probe  
  27  4:16  Probe  
  28  4:32  Probe  
  25  4:44  Probe (Chrono Boost)  
  25  4:45  Void Ray  
  29  4:54  Probe (Chrono Boost)  
  29  4:59  Probe  
  31  5:09  Void Ray  
  31  5:17  Probe  
  31  5:20  Shield Battery  
  36  5:29  Probe  
  38  5:46  Pylon  
  37  5:58  Void Ray  
  37  6:03  Void Ray  
  45  6:31  Probe  
  45  6:32  Shield Battery  
  46  6:34  Shield Battery  
  38  6:52  Probe  
  43  7:04  Probe  
Tags
 
Matchup
PvP
Replay Pack
Weekend
Spawn Locations
Cross Positions
Add a new tag
Caveats
  • Supply blocks, unpowered buildings, or Contaminate may cause inaccurate times.
  • Supply counts are checked every 10 seconds.